Workbook

Sheet 9,26,6
A1: Date Facture | B1: Numéro Facture | C1: Code Client | D1: Nom Client | E1: Montant Net HT | F1: Tot, Taxes | G1: Timbre | H1: Montant TTC
A2: 44564 | B2: F3220001 | C2: 3S18066 | D2: STE MAROUA ESSAFA TRANSPORT | E2: 171.5 | F2: 32.585 | G2: 0.6 | H2: 204.685 | I2: =VLOOKUP(B2,'27,4'!A:K,11,0) -> 204.685
A3: 44564 | B3: F8220001 | C3: 8X01000 | D3: CLIENT PASSAGER JENDOUBA | E3: 185.5 | F3: 35.245 | G3: 0.6 | H3: 221.345 | I3: =VLOOKUP(B3,'27,4'!A:K,11,0) -> 221.345
A4: 44564 | B4: GT220006 | C4: 1R02270 | D4: STE TAHRI STATION SERVICES | E4: 0 | F4: 0 | G4: 0 | H4: 0 | I4: =VLOOKUP(B4,'27,4'!A:K,11,0) -> 0
A5: 44565 | B5: F3220002 | C5: 3R18266 | D5: S A P O M | E5: 416.615 | F5: 79.157 | G5: 0.6 | H5: 496.372 | I5: =VLOOKUP(B5,'27,4'!A:K,11,0) -> 496.372
A6: 44565 | B6: F3220003 | C6: 3G12001 | D6: S T E G- GARAGE REG. DE SFAX | E6: 171.5 | F6: 32.585 | G6: 0.6 | H6: 204.685 | I6: =VLOOKUP(B6,'27,4'!A:K,11,0) -> 204.685
A7: 44565 | B7: F3220004 | C7: 3S18050 | D7: OTD CHAAL | E7: 714.104 | F7: 135.68 | G7: 0.6 | H7: 850.384 | I7: =VLOOKUP(B7,'27,4'!A:K,11,0) -> 0
A8: 44565 | B8: F3220005 | C8: 3X06000 | D8: CLIENT SG - SFAX | E8: 83.385 | F8: 15.843 | G8: 0.6 | H8: 99.828 | I8: =VLOOKUP(B8,'27,4'!A:K,11,0) -> 99.828
A9: 44565 | B9: F3220006 | C9: 3X06000 | D9: CLIENT SG - SFAX | E9: 21.866 | F9: 4.155 | G9: 0.6 | H9: 26.621 | I9: =VLOOKUP(B9,'27,4'!A:K,11,0) -> 26.621
A10: 44565 | B10: F3220007 | C10: 3X06000 | D10: CLIENT SG - SFAX | E10: 72.888 | F10: 13.849 | G10: 0.6 | H10: 87.337 | I10: =VLOOKUP(B10,'27,4'!A:K,11,0) -> 87.337
A11: 44565 | B11: F3220008 | C11: 3X06000 | D11: CLIENT SG - SFAX | E11: 87.465 | F11: 16.618 | G11: 0.6 | H11: 104.683 | I11: =VLOOKUP(B11,'27,4'!A:K,11,0) -> 104.683
A12: 44565 | B12: F3220009 | C12: 3X06000 | D12: CLIENT SG - SFAX | E12: 78.838 | F12: 14.979 | G12: 0.6 | H12: 94.417 | I12: =VLOOKUP(B12,'27,4'!A:K,11,0) -> 94.417
A13: 44565 | B13: F4220001 | C13: 4R13116 | D13: AHMED BEN ALI TEKAYA | E13: 100.088 | F13: 19.017 | G13: 0.6 | H13: 119.705 | I13: =VLOOKUP(B13,'27,4'!A:K,11,0) -> 119.705
... A3791: 44651 | B3791: NV220300 | C3791: 1R01579 | D3791: MARSA BATTERIES | E3791: 0 | F3791: 0 | G3791: 0 | H3791: 0 | I3791: =VLOOKUP(B3791,'27,4'!A:K,11,0) -> 0
H3793: =SUBTOTAL(9,H2:H3792) -> 2632773

Sheet 27,4
A1: Référence | B1: Type | C1: Adr fact | D1: Nom | E1: Date | F1: Effet le | G1: Payé | H1: Représ 1 | I1: Dev | J1: Montant | K1: Montant imputé
A2: AC220001 | B2: Fact | C2: 3A01002 | D2: C R D A SFAX | E2: 44567 | F2: 44567 | G2: 44568 | H2: LA | I2: TND | J2: -159.311 | K2: -159.311 | M2: =VLOOKUP(A2,'9,26,6'!B:H,7,FALSE) -> -159.311
A3: AC220003 | B3: Fact | C3: 1A04002 | D3: MIN FINANCES-D.GEN. DOUANES | E3: 44586 | F3: 44586 | G3: 44609 | H3: LA | I3: TND | J3: -4833.78 | K3: -4833.78 | M3: =VLOOKUP(A3,'9,26,6'!B:H,7,FALSE) -> #N/A
A4: AC220008 | B4: Fact | C4: 1S03017 | D4: TOTAL TUNISIE | E4: 44613 | F4: 44613 | G4: 44649 | H4: LS | I4: TND | J4: -1835.58 | K4: -1835.58 | M4: =VLOOKUP(A4,'9,26,6'!B:H,7,FALSE) -> #N/A
A5: AC220004 | B5: Fact | C5: 8R09067 | D5: SOCIETE GENERAL DE PNEUS | E5: 44594 | F5: 44594 | G5: 44602 | H5: L80-02 | I5: TND | J5: -5462.1 | K5: -5462.1 | M5: =VLOOKUP(A5,'9,26,6'!B:H,7,FALSE) -> -5462.1
A6: AC220005 | B6: Fact | C6: 1P01000 | D6: PERSONNEL NOUR | E6: 44596 | F6: 44596 | I6: TND | J6: -250.719 | K6: 0 | M6: =VLOOKUP(A6,'9,26,6'!B:H,7,FALSE) -> #N/A
A7: AC220006 | B7: Fact | C7: 3R18068 | D7: MOHAMED GHARIANI | E7: 44607 | F7: 44607 | G7: 44637 | H7: L30-01 | I7: TND | J7: -27696.06 | K7: -27696.06 | M7: =VLOOKUP(A7,'9,26,6'!B:H,7,FALSE) -> -27696.06
A8: AC220007 | B8: Fact | C8: 1G12001 | D8: S.T.E.G. | E8: 44608 | F8: 44608 | G8: 44608 | H8: LS | I8: TND | J8: -1121.58 | K8: -1121.58 | M8: =VLOOKUP(A8,'9,26,6'!B:H,7,FALSE) -> #N/A
A9: AC220010 | B9: Fact | C9: 1G01008 | D9: TRANSPOOL | E9: 44620 | F9: 44620 | G9: 44621 | H9: LS | I9: TND | J9: -860.881 | K9: -860.881 | M9: =VLOOKUP(A9,'9,26,6'!B:H,7,FALSE) -> #N/A
A10: AC220009 | B10: Fact | C10: 4S12039 | D10: COMPTOIR GENERAL DE BATIMENT | E10: 44616 | F10: 44616 | G10: 44664 | H10: LS | I10: TND | J10: -174.137 | K10: -174.137 | M10: =VLOOKUP(A10,'9,26,6'!B:H,7,FALSE) -> -174.137
A11: AC220002 | B11: Fact | C11: 1S03023 | D11: LOUKIL VEHICULES INDUSTRIELS | E11: 44579 | F11: 44579 | G11: 44579 | H11: LS | I11: TND | J11: -456.762 | K11: -456.762 | M11: =VLOOKUP(A11,'9,26,6'!B:H,7,FALSE) -> #N/A
A12: AC220011 | B12: Fact | C12: 7T19001 | D12: STE.REG. DE TRAN. ELGOUAFEL | E12: 44630 | F12: 44630 | H12: LS | I12: TND | J12: -7973.6 | K12: 0 | M12: =VLOOKUP(A12,'9,26,6'!B:H,7,FALSE) -> -7973.6
A13: AC220012 | B13: Fact | C13: 1R01597 | D13: CHEBBI HEDIA | E13: 44645 | F13: 44645 | H13: L20-04 | I13: TND | J13: -457.62 | K13: 0 | M13: =VLOOKUP(A13,'9,26,6'!B:H,7,FALSE) -> -457.62
A14: AC220013 | B14: Fact | C14: 1R01579 | D14: MARSA BATTERIES | E14: 44645 | F14: 44645 | G14: 44651 | H14: L20-04 | I14: TND | J14: -492.66 | K14: -492.66 | M14: =VLOOKUP(A14,'9,26,6'!B:H,7,FALSE) -> -492.66
A15: F3220001 | B15: Fact | C15: 3S18066 | D15: STE MAROUA ESSAFA TRANSPORT | E15: 44564 | F15: 44564 | G15: 44572 | H15: LS | I15: TND | J15: 204.685 | K15: 204.685 | M15: =VLOOKUP(A15,'9,26,6'!B:H,7,FALSE) -> 204.685
A16: F3220002 | B16: Fact | C16: 3R18266 | D16: S A P O M | E16: 44565 | F16: 44565 | G16: 44585 | H16: L30 | I16: TND | J16: 496.372 | K16: 496.372 | M16: =VLOOKUP(A16,'9,26,6'!B:H,7,FALSE) -> 496.372
A17: F3220003 | B17: Fact | C17: 3G12001 | D17: S T E G- GARAGE REG. DE SFAX | E17: 44565 | F17: 44565 | G17: 44618 | H17: LS | I17: TND | J17: 204.685 | K17: 204.685 | M17: =VLOOKUP(A17,'9,26,6'!B:H,7,FALSE) -> 204.685
A18: F3220004 | B18: Fact | C18: 3S18050 | D18: OTD CHAAL | E18: 44565 | F18: 44565 | H18: LS | I18: TND | J18: 850.384 | K18: 0 | M18: =VLOOKUP(A18,'9,26,6'!B:H,7,FALSE) -> 850.384
A19: F3220005 | B19: Fact | C19: 3X06000 | D19: CLIENT SG - SFAX | E19: 44565 | F19: 44565 | G19: 44568 | H19: L30-01 | I19: TND | J19: 99.828 | K19: 99.828 | M19: =VLOOKUP(A19,'9,26,6'!B:H,7,FALSE) -> 99.828
A20: F3220006 | B20: Fact | C20: 3X06000 | D20: CLIENT SG - SFAX | E20: 44565 | F20: 44565 | G20: 44568 | H20: L30-01 | I20: TND | J20: 26.621 | K20: 26.621 | M20: =VLOOKUP(A20,'9,26,6'!B:H,7,FALSE) -> 26.621
A21: F3220007 | B21: Fact | C21: 3X06000 | D21: CLIENT SG - SFAX | E21: 44565 | F21: 44565 | G21: 44568 | H21: L30-01 | I21: TND | J21: 87.337 | K21: 87.337 | M21: =VLOOKUP(A21,'9,26,6'!B:H,7,FALSE) -> 87.337
A22: F3220008 | B22: Fact | C22: 3X06000 | D22: CLIENT SG - SFAX | E22: 44565 | F22: 44565 | G22: 44568 | H22: L30-01 | I22: TND | J22: 104.683 | K22: 104.683 | M22: =VLOOKUP(A22,'9,26,6'!B:H,7,FALSE) -> 104.683
A23: F3220009 | B23: Fact | C23: 3X06000 | D23: CLIENT SG - SFAX | E23: 44565 | F23: 44565 | G23: 44568 | H23: L30-01 | I23: TND | J23: 94.417 | K23: 94.417 | M23: =VLOOKUP(A23,'9,26,6'!B:H,7,FALSE) -> 94.417
A24: F3220010 | B24: Fact | C24: 3R18438 | D24: MOUNIR AROUS | E24: 44566 | F24: 44566 | G24: 44566 | H24: L30 | I24: TND | J24: 1855.378 | K24: 1855.378 | M24: =VLOOKUP(A24,'9,26,6'!B:H,7,FALSE) -> 1855.378
A25: F3220011 | B25: Fact | C25: 3X01000 | D25: CLIENT PASSAGER SFAX | E25: 44567 | F25: 44567 | G25: 44568 | H25: L30-01 | I25: TND | J25: 304.05 | K25: 304.05 | M25: =VLOOKUP(A25,'9,26,6'!B:H,7,FALSE) -> 304.05
A26: F3220012 | B26: Fact | C26: 3X06000 | D26: CLIENT SG - SFAX | E26: 44567 | F26: 44567 | G26: 44568 | H26: L30-01 | I26: TND | J26: 83.291 | K26: 83.291 | M26: =VLOOKUP(A26,'9,26,6'!B:H,7,FALSE) -> 83.291
A27: F3220013 | B27: Fact | C27: 3R18430 | D27: FATHI BEN FRADJ AZOUZI | E27: 44567 | F27: 44567 | G27: 44581 | H27: L30-02 | I27: TND | J27: 1431.036 | K27: 1431.036 | M27: =VLOOKUP(A27,'9,26,6'!B:H,7,FALSE) -> 1431.036
A28: F3220014 | B28: Fact | C28: 3R15041 | D28: BEN NACEUR MED TAHAR B ALI | E28: 44567 | F28: 44567 | G28: 44568 | H28: L30-02 | I28: TND | J28: 934.619 | K28: 934.619 | M28: =VLOOKUP(A28,'9,26,6'!B:H,7,FALSE) -> 934.619
A29: F3220015 | B29: Fact | C29: 3R15041 | D29: BEN NACEUR MED TAHAR B ALI | E29: 44567 | F29: 44567 | G29: 44568 | H29: L30-02 | I29: TND | J29: 513.159 | K29: 513.159 | M29: =VLOOKUP(A29,'9,26,6'!B:H,7,FALSE) -> 513.159
A30: F3220016 | B30: Fact | C30: 3R15046 | D30: HASSEN ABDELHAKIM B FREDJ | E30: 44568 | F30: 44568 | G30: 44595 | H30: L30-02 | I30: TND | J30: 2131.313 | K30: 2131.313 | M30: =VLOOKUP(A30,'9,26,6'!B:H,7,FALSE) -> 2131.313
A31: F3220017 | B31: Fact | C31: 1P01000 | D31: PERSONNEL NOUR | E31: 44568 | F31: 44568 | G31: 44573 | I31: TND | J31: 162.567 | K31: 162.567 | M31: =VLOOKUP(A31,'9,26,6'!B:H,7,FALSE) -> 162.567
A32: F3220018 | B32: Fact | C32: 3R18036 | D32: HADHRI MOUHED BEN HAMOUDA | E32: 44569 | F32: 44569 | G32: 44573 | H32: L30-02 | I32: TND | J32: 135.759 | K32: 135.759 | M32: =VLOOKUP(A32,'9,26,6'!B:H,7,FALSE) -> 135.759
A33: F3220019 | B33: Fact | C33: 3X06000 | D33: CLIENT SG - SFAX | E33: 44569 | F33: 44569 | G33: 44573 | H33: L30-01 | I33: TND | J33: 99.828 | K33: 99.828 | M33: =VLOOKUP(A33,'9,26,6'!B:H,7,FALSE) -> 99.828
A34: F3220020 | B34: Fact | C34: 3G12001 | D34: S T E G- GARAGE REG. DE SFAX | E34: 44571 | F34: 44571 | G34: 44610 | H34: LS | I34: TND | J34: 243.967 | K34: 243.967 | M34: =VLOOKUP(A34,'9,26,6'!B:H,7,FALSE) -> 243.967
A35: F3220021 | B35: Fact | C35: 3R15043 | D35: KERKENI NIZAR B ALI | E35: 44571 | F35: 44571 | G35: 44651 | H35: L30-02 | I35: TND | J35: 1814.443 | K35: 160.064 | M35: =VLOOKUP(A35,'9,26,6'!B:H,7,FALSE) -> 1814.443
A36: F3220022 | B36: Fact | C36: 3R18430 | D36: FATHI BEN FRADJ AZOUZI | E36: 44571 | F36: 44571 | G36: 44581 | H36: L30-02 | I36: TND | J36: 1331.866 | K36: 1331.866 | M36: =VLOOKUP(A36,'9,26,6'!B:H,7,FALSE) -> 1331.866
A37: F3220023 | B37: Fact | C37: 3R15042 | D37: BADREDDDINE MED.B AHMED | E37: 44572 | F37: 44572 | G37: 44658 | H37: L30-02 | I37: TND | J37: 2179.979 | K37: 1280 | M37: =VLOOKUP(A37,'9,26,6'!B:H,7,FALSE) -> 2179.979
A38: F3220024 | B38: Fact | C38: 3R18433 | D38: AMAL SALEM | E38: 44572 | F38: 44572 | G38: 44595 | H38: L30-02 | I38: TND | J38: 2382.926 | K38: 2382.926 | M38: =VLOOKUP(A38,'9,26,6'!B:H,7,FALSE) -> 2382.926
A39: F3220025 | B39: Fact | C39: 3R18402 | D39: MOHAMED ALI BEN ANAS B.ZINA | E39: 44572 | F39: 44572 | G39: 44572 | H39: L30-02 | I39: TND | J39: 1044.166 | K39: 1044.166 | M39: =VLOOKUP(A39,'9,26,6'!B:H,7,FALSE) -> 1044.166
A40: F3220026 | B40: Fact | C40: 3X06000 | D40: CLIENT SG - SFAX | E40: 44572 | F40: 44572 | G40: 44573 | H40: L30-01 | I40: TND | J40: 167.346 | K40: 167.346 | M40: =VLOOKUP(A40,'9,26,6'!B:H,7,FALSE) -> 167.346
A41: F3220027 | B41: Fact | C41: 3X06000 | D41: CLIENT SG - SFAX | E41: 44572 | F41: 44572 | G41: 44573 | H41: L30-01 | I41: TND | J41: 54.589 | K41: 54.589 | M41: =VLOOKUP(A41,'9,26,6'!B:H,7,FALSE) -> 54.589
A42: F3220028 | B42: Fact | C42: 3X06000 | D42: CLIENT SG - SFAX | E42: 44572 | F42: 44572 | G42: 44573 | H42: L30-01 | I42: TND | J42: 84.959 | K42: 84.959 | M42: =VLOOKUP(A42,'9,26,6'!B:H,7,FALSE) -> 84.959
A43: F3220029 | B43: Fact | C43: 3S18068 | D43: O.T.D AGRO-COMBINET BOUZOUIT | E43: 44572 | F43: 44572 | G43: 44634 | H43: LS | I43: TND | J43: 617.551 | K43: 617.551 | M43: =VLOOKUP(A43,'9,26,6'!B:H,7,FALSE) -> 617.551
... A51: F3220037 | B51: Fact | C51: 3R18266 | D51: S A P O M | E51: 44576 | F51: 44576 | G51: 44585 | H51: L30 | I51: TND | J51: 277.286 | K51: 277.286 | M51: =VLOOKUP(A51,'9,26,6'!B:H,7,FALSE) -> 277.286
A52: F3220038 | B52: Fact | C52: 1P01000 | D52: PERSONNEL NOUR | E52: 44578 | F52: 44578 | G52: 44580 | I52: TND | J52: 148.229 | K52: 148.229 | M52: =VLOOKUP(A52,'9,26,6'!B:H,7,FALSE) -> 148.229
A53: F3220039 | B53: Fact | C53: 3R18072 | D53: SIRAJ BEN ZINA | E53: 44579 | F53: 44579 | G53: 44580 | H53: L30-02 | I53: TND | J53: 128.302 | K53: 128.302 | M53: =VLOOKUP(A53,'9,26,6'!B:H,7,FALSE) -> 128.302
A54: F3220040 | B54: Fact | C54: 3X06000 | D54: CLIENT SG - SFAX | E54: 44580 | F54: 44580 | G54: 44580 | H54: L30-01 | I54: TND | J54: 99.828 | K54: 99.828 | M54: =VLOOKUP(A54,'9,26,6'!B:H,7,FALSE) -> 99.828
A55: F3220041 | B55: Fact | C55: 3X06000 | D55: CLIENT SG - SFAX | E55: 44580 | F55: 44580 | G55: 44580 | H55: L30-01 | I55: TND | J55: 67.637 | K55: 67.637 | M55: =VLOOKUP(A55,'9,26,6'!B:H,7,FALSE) -> 67.637
A56: F3220042 | B56: Fact | C56: 1S01294 | D56: STE.FABRICATION.BOISSONS.TUN | E56: 44580 | F56: 44580 | G56: 44637 | H56: LS | I56: TND | J56: 166.01 | K56: 166.01 | M56: =VLOOKUP(A56,'9,26,6'!B:H,7,FALSE) -> 166.01
A57: F3220043 | B57: Fact | C57: 3R18402 | D57: MOHAMED ALI BEN ANAS B.ZINA | E57: 44580 | F57: 44580 | G57: 44586 | H57: L30-02 | I57: TND | J57: 784.139 | K57: 784.139 | M57: =VLOOKUP(A57,'9,26,6'!B:H,7,FALSE) -> 784.139
A58: F3220044 | B58: Fact | C58: 3S18050 | D58: OTD CHAAL | E58: 44580 | F58: 44580 | H58: LS | I58: TND | J58: 385.792 | K58: 0 | M58: =VLOOKUP(A58,'9,26,6'!B:H,7,FALSE) -> 385.792
A59: F3220045 | B59: Fact | C59: 3S18050 | D59: OTD CHAAL | E59: 44580 | F59: 44580 | H59: LS | I59: TND | J59: 268.584 | K59: 0 | M59: =VLOOKUP(A59,'9,26,6'!B:H,7,FALSE) -> 268.584
A60: F3220046 | B60: Fact | C60: 1P01000 | D60: PERSONNEL NOUR | E60: 44581 | F60: 44581 | G60: 44581 | I60: TND | J60: 128.581 | K60: 128.581 | M60: =VLOOKUP(A60,'9,26,6'!B:H,7,FALSE) -> 128.581
A61: F3220047 | B61: Fact | C61: 3G23001 | D61: O.T.D A / C SIDI CHAMAKH | E61: 44581 | F61: 44581 | G61: 44623 | H61: L30 | I61: TND | J61: 434.747 | K61: 434.747 | M61: =VLOOKUP(A61,'9,26,6'!B:H,7,FALSE) -> 434.747
A62: F3220048 | B62: Fact | C62: 3X06000 | D62: CLIENT SG - SFAX | E62: 44581 | F62: 44581 | G62: 44581 | H62: L30-01 | I62: TND | J62: 99.828 | K62: 99.828 | M62: =VLOOKUP(A62,'9,26,6'!B:H,7,FALSE) -> 99.828
A63: F3220049 | B63: Fact | C63: 3R15024 | D63: AMMAR BEN HOUCINE | E63: 44581 | F63: 44581 | G63: 44588 | H63: L30-02 | I63: TND | J63: 2180.949 | K63: 2180.949 | M63: =VLOOKUP(A63,'9,26,6'!B:H,7,FALSE) -> 2180.949
A64: F3220050 | B64: Fact | C64: 3R18036 | D64: HADHRI MOUHED BEN HAMOUDA | E64: 44582 | F64: 44582 | G64: 44583 | H64: L30-02 | I64: TND | J64: 144.954 | K64: 144.954 | M64: =VLOOKUP(A64,'9,26,6'!B:H,7,FALSE) -> 144.954
A65: F3220051 | B65: Fact | C65: 3X06000 | D65: CLIENT SG - SFAX | E65: 44585 | F65: 44585 | G65: 44589 | H65: L30-01 | I65: TND | J65: 99.828 | K65: 99.828 | M65: =VLOOKUP(A65,'9,26,6'!B:H,7,FALSE) -> 99.828
A66: F3220052 | B66: Fact | C66: 3X06000 | D66: CLIENT SG - SFAX | E66: 44585 | F66: 44585 | G66: 44589 | H66: L30-01 | I66: TND | J66: 79.825 | K66: 79.825 | M66: =VLOOKUP(A66,'9,26,6'!B:H,7,FALSE) -> 79.825
A67: F3220053 | B67: Fact | C67: 3R18266 | D67: S A P O M | E67: 44585 | F67: 44585 | G67: 44592 | H67: L30 | I67: TND | J67: 230.779 | K67: 230.779 | M67: =VLOOKUP(A67,'9,26,6'!B:H,7,FALSE) -> 230.779
A68: F3220054 | B68: Fact | C68: 3G12001 | D68: S T E G- GARAGE REG. DE SFAX | E68: 44585 | F68: 44585 | H68: LS | I68: TND | J68: 321.65 | K68: 0 | M68: =VLOOKUP(A68,'9,26,6'!B:H,7,FALSE) -> 321.65
A69: F3220055 | B69: Fact | C69: 3G12001 | D69: S T E G- GARAGE REG. DE SFAX | E69: 44585 | F69: 44585 | G69: 44622 | H69: LS | I69: TND | J69: 321.65 | K69: 321.65 | M69: =VLOOKUP(A69,'9,26,6'!B:H,7,FALSE) -> 321.65
A70: F3220056 | B70: Fact | C70: 3R18402 | D70: MOHAMED ALI BEN ANAS B.ZINA | E70: 44586 | F70: 44586 | G70: 44586 | H70: L30-02 | I70: TND | J70: 821.04 | K70: 821.04 | M70: =VLOOKUP(A70,'9,26,6'!B:H,7,FALSE) -> 821.04
A71: F3220057 | B71: Fact | C71: 3G23001 | D71: O.T.D A / C SIDI CHAMAKH | E71: 44586 | F71: 44586 | H71: L30 | I71: TND | J71: 355.758 | K71: 0 | M71: =VLOOKUP(A71,'9,26,6'!B:H,7,FALSE) -> 355.758
A72: F3220058 | B72: Fact | C72: 3G12001 | D72: S T E G- GARAGE REG. DE SFAX | E72: 44586 | F72: 44586 | G72: 44655 | H72: LS | I72: TND | J72: 304.05 | K72: 304.05 | M72: =VLOOKUP(A72,'9,26,6'!B:H,7,FALSE) -> 304.05
A73: F3220059 | B73: Fact | C73: 3X06000 | D73: CLIENT SG - SFAX | E73: 44587 | F73: 44587 | G73: 44589 | H73: L30-01 | I73: TND | J73: 93.152 | K73: 93.152 | M73: =VLOOKUP(A73,'9,26,6'!B:H,7,FALSE) -> 93.152
A74: F3220060 | B74: Fact | C74: 3R18442 | D74: SEIFEDDINE BEN ALI | E74: 44587 | F74: 44587 | G74: 44592 | H74: L30 | I74: TND | J74: 130.072 | K74: 130.072 | M74: =VLOOKUP(A74,'9,26,6'!B:H,7,FALSE) -> 130.072
A75: F3220061 | B75: Fact | C75: 3X06000 | D75: CLIENT SG - SFAX | E75: 44587 | F75: 44587 | G75: 44589 | H75: L30-01 | I75: TND | J75: 162.845 | K75: 162.845 | M75: =VLOOKUP(A75,'9,26,6'!B:H,7,FALSE) -> 162.845
A76: F3220062 | B76: Fact | C76: 1P01000 | D76: PERSONNEL NOUR | E76: 44588 | F76: 44588 | G76: 44589 | I76: TND | J76: 182.746 | K76: 182.746 | M76: =VLOOKUP(A76,'9,26,6'!B:H,7,FALSE) -> 182.746
A77: F3220063 | B77: Fact | C77: 3G12001 | D77: S T E G- GARAGE REG. DE SFAX | E77: 44588 | F77: 44588 | G77: 44615 | H77: LS | I77: TND | J77: 277.499 | K77: 277.499 | M77: =VLOOKUP(A77,'9,26,6'!B:H,7,FALSE) -> 277.499
A78: F3220064 | B78: Fact | C78: 3G12001 | D78: S T E G- GARAGE REG. DE SFAX | E78: 44588 | F78: 44588 | G78: 44655 | H78: LS | I78: TND | J78: 277.499 | K78: 277.499 | M78: =VLOOKUP(A78,'9,26,6'!B:H,7,FALSE) -> 277.499
A79: F3220065 | B79: Fact | C79: 3X06000 | D79: CLIENT SG - SFAX | E79: 44588 | F79: 44588 | G79: 44589 | H79: L30-01 | I79: TND | J79: 76.463 | K79: 76.463 | M79: =VLOOKUP(A79,'9,26,6'!B:H,7,FALSE) -> 76.463
A80: F3220066 | B80: Fact | C80: 3X06000 | D80: CLIENT SG - SFAX | E80: 44588 | F80: 44588 | G80: 44589 | H80: L30-01 | I80: TND | J80: 113.357 | K80: 113.357 | M80: =VLOOKUP(A80,'9,26,6'!B:H,7,FALSE) -> 113.357
A81: F3220067 | B81: Fact | C81: 3X06000 | D81: CLIENT SG - SFAX | E81: 44588 | F81: 44588 | G81: 44589 | H81: L30-01 | I81: TND | J81: 69.18 | K81: 69.18 | M81: =VLOOKUP(A81,'9,26,6'!B:H,7,FALSE) -> 69.18
A82: F3220068 | B82: Fact | C82: 3R18358 | D82: STE FRIKHA PIECES AUTO | E82: 44588 | F82: 44588 | G82: 44589 | H82: L30 | I82: TND | J82: 162.845 | K82: 162.845 | M82: =VLOOKUP(A82,'9,26,6'!B:H,7,FALSE) -> 162.845
A83: F3220069 | B83: Fact | C83: 3S18050 | D83: OTD CHAAL | E83: 44588 | F83: 44588 | H83: LS | I83: TND | J83: 770.985 | K83: 0 | M83: =VLOOKUP(A83,'9,26,6'!B:H,7,FALSE) -> 770.985
A84: F3220070 | B84: Fact | C84: 3S18050 | D84: OTD CHAAL | E84: 44588 | F84: 44588 | H84: LS | I84: TND | J84: 312.964 | K84: 0 | M84: =VLOOKUP(A84,'9,26,6'!B:H,7,FALSE) -> 312.964
A85: F3220071 | B85: Fact | C85: 3S18050 | D85: OTD CHAAL | E85: 44588 | F85: 44588 | H85: LS | I85: TND | J85: 312.964 | K85: 0 | M85: =VLOOKUP(A85,'9,26,6'!B:H,7,FALSE) -> 312.964
A86: F3220072 | B86: Fact | C86: 3R15046 | D86: HASSEN ABDELHAKIM B FREDJ | E86: 44589 | F86: 44589 | G86: 44630 | H86: L30-02 | I86: TND | J86: 2139.465 | K86: 2139.465 | M86: =VLOOKUP(A86,'9,26,6'!B:H,7,FALSE) -> 2139.465
A87: F3220073 | B87: Fact | C87: 3X06000 | D87: CLIENT SG - SFAX | E87: 44590 | F87: 44590 | G87: 44592 | H87: L30-01 | I87: TND | J87: 127.341 | K87: 127.341 | M87: =VLOOKUP(A87,'9,26,6'!B:H,7,FALSE) -> 127.341
A88: F3220074 | B88: Fact | C88: 3R18424 | D88: CHEDLY BOUZID | E88: 44590 | F88: 44590 | G88: 44592 | H88: L30-02 | I88: TND | J88: 103.47 | K88: 103.47 | M88: =VLOOKUP(A88,'9,26,6'!B:H,7,FALSE) -> 103.47
A89: F3220075 | B89: Fact | C89: 3R18068 | D89: MOHAMED GHARIANI | E89: 44592 | F89: 44592 | G89: 44609 | H89: L30-01 | I89: TND | J89: 61843.298 | K89: 61843.298 | M89: =VLOOKUP(A89,'9,26,6'!B:H,7,FALSE) -> 61843.298
A90: F3220076 | B90: Fact | C90: 3R18133 | D90: KHENFIR MOHAMED LAMJED | E90: 44592 | F90: 44592 | G90: 44615 | H90: L30-01 | I90: TND | J90: 21778.077 | K90: 21778.077 | M90: =VLOOKUP(A90,'9,26,6'!B:H,7,FALSE) -> 21778.077
A91: F3220077 | B91: Fact | C91: 3R18061 | D91: COPI AUTOS | E91: 44592 | F91: 44592 | G91: 44607 | H91: L30-01 | I91: TND | J91: 10732.668 | K91: 10732.668 | M91: =VLOOKUP(A91,'9,26,6'!B:H,7,FALSE) -> 10732.668
A92: F3220078 | B92: Fact | C92: 3R18160 | D92: S M E A | E92: 44592 | F92: 44592 | G92: 44613 | H92: L30-01 | I92: TND | J92: 4211.878 | K92: 4211.878 | M92: =VLOOKUP(A92,'9,26,6'!B:H,7,FALSE) -> 4211.878
A93: F3220079 | B93: Fact | C93: 3R18331 | D93: STE SCAPA | E93: 44592 | F93: 44592 | G93: 44622 | H93: L30-01 | I93: TND | J93: 7185.062 | K93: 7185.062 | M93: =VLOOKUP(A93,'9,26,6'!B:H,7,FALSE) -> 7185.062
A94: F3220080 | B94: Fact | C94: 3R18345 | D94: GENERALE PIECES AUTO "GPA" | E94: 44592 | F94: 44592 | G94: 44609 | H94: L30 | I94: TND | J94: 5504.094 | K94: 5504.094 | M94: =VLOOKUP(A94,'9,26,6'!B:H,7,FALSE) -> 5504.094
A95: F3220081 | B95: Fact | C95: 3R18329 | D95: MOHAMED BOUAZIZ | E95: 44592 | F95: 44592 | G95: 44611 | H95: L30-01 | I95: TND | J95: 10060.274 | K95: 10060.274 | M95: =VLOOKUP(A95,'9,26,6'!B:H,7,FALSE) -> 10060.274
A96: F3220082 | B96: Fact | C96: 3R18384 | D96: STE DES PIECES DE RECHANGE | E96: 44592 | F96: 44592 | G96: 44623 | H96: L30 | I96: TND | J96: 45554.959 | K96: 45554.959 | M96: =VLOOKUP(A96,'9,26,6'!B:H,7,FALSE) -> 45554.959
A97: F3220083 | B97: Fact | C97: 3R18416 | D97: SOCIETE T I P S | E97: 44592 | F97: 44592 | G97: 44658 | H97: L30 | I97: TND | J97: 17136.868 | K97: 17136.868 | M97: =VLOOKUP(A97,'9,26,6'!B:H,7,FALSE) -> 17136.868
... A102: F3220088 | B102: Fact | C102: 3R15047 | D102: STE ELWASAT | E102: 44592 | F102: 44592 | G102: 44646 | H102: L30-02 | I102: TND | J102: 9241.629 | K102: 9241.629 | M102: =VLOOKUP(A102,'9,26,6'!B:H,7,FALSE) -> 9241.629
A103: F3220089 | B103: Fact | C103: 3R15048 | D103: HAZEM HAMMOUDA | E103: 44592 | F103: 44592 | H103: L30-02 | I103: TND | J103: 4595.746 | K103: 0 | M103: =VLOOKUP(A103,'9,26,6'!B:H,7,FALSE) -> 4595.746
A104: F3220090 | B104: Fact | C104: 3R18036 | D104: HADHRI MOUHED BEN HAMOUDA | E104: 44592 | F104: 44592 | G104: 44632 | H104: L30-02 | I104: TND | J104: 13850.062 | K104: 13850.062 | M104: =VLOOKUP(A104,'9,26,6'!B:H,7,FALSE) -> 13850.062
A105: F3220091 | B105: Fact | C105: 3R18023 | D105: AYADI FOURATI | E105: 44592 | F105: 44592 | G105: 44656 | H105: L30-02 | I105: TND | J105: 4078.884 | K105: 4078.884 | M105: =VLOOKUP(A105,'9,26,6'!B:H,7,FALSE) -> 4078.884
A106: F3220092 | B106: Fact | C106: 3R18023 | D106: AYADI FOURATI | E106: 44592 | F106: 44592 | G106: 44620 | I106: TND | J106: 2185.747 | K106: 2185.747 | M106: =VLOOKUP(A106,'9,26,6'!B:H,7,FALSE) -> 2185.747
A107: F3220093 | B107: Fact | C107: 3R18072 | D107: SIRAJ BEN ZINA | E107: 44592 | F107: 44592 | G107: 44607 | H107: L30-02 | I107: TND | J107: 15198.041 | K107: 15198.041 | M107: =VLOOKUP(A107,'9,26,6'!B:H,7,FALSE) -> 15198.041
A108: F3220094 | B108: Fact | C108: 3R18263 | D108: LAJNEF SAMI BEN MOHAMED | E108: 44592 | F108: 44592 | G108: 44620 | H108: L30-02 | I108: TND | J108: 7223.338 | K108: 7223.338 | M108: =VLOOKUP(A108,'9,26,6'!B:H,7,FALSE) -> 7223.338
A109: F3220095 | B109: Fact | C109: 3R18424 | D109: CHEDLY BOUZID | E109: 44592 | F109: 44592 | G109: 44627 | H109: L30-02 | I109: TND | J109: 6677.692 | K109: 6677.692 | M109: =VLOOKUP(A109,'9,26,6'!B:H,7,FALSE) -> 6677.692
A110: F3220096 | B110: Fact | C110: 3R14079 | D110: BAAZAOUI SALAH | E110: 44592 | F110: 44592 | G110: 44645 | H110: L30-02 | I110: TND | J110: 9684.999 | K110: 9684.999 | M110: =VLOOKUP(A110,'9,26,6'!B:H,7,FALSE) -> 9684.999
A111: F3220097 | B111: Fact | C111: 3R15005 | D111: BEDOUI MONGI BEN SALEM | E111: 44592 | F111: 44592 | G111: 44602 | H111: L30-02 | I111: TND | J111: 4775.033 | K111: 4775.033 | M111: =VLOOKUP(A111,'9,26,6'!B:H,7,FALSE) -> 4775.033
...

Sheet Feuil3
A2: IMC22000 | B2: Note | C2: 1X02000 | D2: CLIENT PASSAGER - MEGRINE | E2: 44600 | F2: 44600 | G2: 44601 | H2: LS | I2: TND | J2: 169.318 | K2: 169.318
A3: IMP22000 | B3: Note | C3: 3R15047 | D3: STE ELWASAT | E3: 44571 | F3: 44571 | G3: 44580 | H3: L30-02 | I3: TND | J3: 2000 | K3: 2000
A4: IMP22001 | B4: Note | C4: 4R14081 | D4: STE AMEN CAR DU CENTRE | E4: 44571 | F4: 44571 | G4: 44611 | H4: L40-02 | I4: TND | J4: 2000 | K4: 2000
A5: IMP22002 | B5: Note | C5: 1R04155 | D5: ABDELKARIM CHEBBI | E5: 44571 | F5: 44571 | G5: 44575 | H5: L20-03 | I5: TND | J5: 4211.502 | K5: 4211.502
A6: IMP22003 | B6: Note | C6: 8R10038 | D6: STE MECHERGUI D'EQUIP. AUTOS | E6: 44578 | F6: 44578 | G6: 44586 | H6: L80 | I6: TND | J6: 3704.776 | K6: 3704.776
A7: IMP22004 | B7: Note | C7: 4R14081 | D7: STE AMEN CAR DU CENTRE | E7: 44581 | F7: 44581 | H7: L40-02 | I7: TND | J7: 2054.75 | K7: 0
A8: IMP22005 | B8: Note | C8: 4R12227 | D8: HAKIM BEN SADOK KHEMIS | E8: 44582 | F8: 44582 | G8: 44592 | H8: L40-01 | I8: TND | J8: 1000 | K8: 1000
A9: IMP22006 | B9: Note | C9: 4R14081 | D9: STE AMEN CAR DU CENTRE | E9: 44585 | F9: 44585 | H9: L40-02 | I9: TND | J9: 1920.5 | K9: 0
A10: IMP22007 | B10: Note | C10: 3r18401 | D10: TAHER BEN AMOR MAHJOUBI | E10: 44585 | F10: 44585 | H10: L30-02 | I10: TND | J10: 6251.101 | K10: 0
A11: IMP22008 | B11: Note | C11: 1X01000 | D11: CLIENT PASSAGER ASJ | E11: 44585 | F11: 44585 | G11: 44592 | H11: LS | I11: TND | J11: 3000 | K11: 3000
A12: IMP22009 | B12: Note | C12: 4R14081 | D12: STE AMEN CAR DU CENTRE | E12: 44585 | F12: 44585 | H12: L40-02 | I12: TND | J12: 2996.39 | K12: 0
A13: IMP22010 | B13: Note | C13: 1R09019 | D13: ALI BEN BRAHIM HAMMAMI | E13: 44585 | F13: 44585 | G13: 44590 | H13: L20-02 | I13: TND | J13: 2700 | K13: 2700
A14: IMP22011 | B14: Note | C14: 4R14081 | D14: STE AMEN CAR DU CENTRE | E14: 44585 | F14: 44585 | H14: L40-02 | I14: TND | J14: 2513.697 | K14: 0
A15: IMP22012 | B15: Note | C15: 4R12104 | D15: STE.MAGHR. DE PIECES DE RECH | E15: 44593 | F15: 44593 | G15: 44596 | H15: L40-02 | I15: TND | J15: 1108.793 | K15: 1108.793
A16: IMP22013 | B16: Note | C16: 3R14079 | D16: BAAZAOUI SALAH | E16: 44593 | F16: 44593 | G16: 44594 | H16: L30-02 | I16: TND | J16: 1124 | K16: 1124
A17: IMP22014 | B17: Note | C17: 1S04018 | D17: STE ABDELKAFI PIECES DE | E17: 44593 | F17: 44593 | G17: 44624 | H17: LS | I17: TND | J17: 1500 | K17: 1500
A18: IMP22015 | B18: Note | C18: 1R09019 | D18: ALI BEN BRAHIM HAMMAMI | E18: 44593 | F18: 44593 | G18: 44602 | H18: L20-02 | I18: TND | J18: 2000 | K18: 2000
A19: IMP22016 | B19: Note | C19: 1R09019 | D19: ALI BEN BRAHIM HAMMAMI | E19: 44593 | F19: 44593 | H19: L20-02 | I19: TND | J19: 2793.923 | K19: 0
A20: IMP22017 | B20: Note | C20: 4R14081 | D20: STE AMEN CAR DU CENTRE | E20: 44593 | F20: 44593 | H20: L40-02 | I20: TND | J20: 2054.75 | K20: 0
A21: IMP22018 | B21: Note | C21: 1R04155 | D21: ABDELKARIM CHEBBI | E21: 44593 | F21: 44593 | G21: 44595 | H21: L20-03 | I21: TND | J21: 3000 | K21: 3000
A22: IMP22019 | B22: Note | C22: 1S01311 | D22: STE BODO BETON | E22: 44596 | F22: 44596 | G22: 44596 | H22: LS | I22: TND | J22: 2438.731 | K22: 2438.731
A23: IMP22020 | B23: Note | C23: 1S04018 | D23: STE ABDELKAFI PIECES DE | E23: 44596 | F23: 44596 | G23: 44603 | H23: LS | I23: TND | J23: 1500 | K23: 1500
A24: IMP22021 | B24: Note | C24: 1X01000 | D24: CLIENT PASSAGER ASJ | E24: 44599 | F24: 44599 | G24: 44601 | H24: LS | I24: TND | J24: 3000 | K24: 3000
A25: IMP22022 | B25: Note | C25: 1R01551 | D25: GENERALE ELECT.AUTOMOBILE | E25: 44599 | F25: 44599 | G25: 44602 | H25: L20-04 | I25: TND | J25: 23346.577 | K25: 23346.577
A26: IMP22023 | B26: Note | C26: 1R03192 | D26: STE ROULEMENT SUD | E26: 44600 | F26: 44600 | G26: 44613 | H26: L20-04 | I26: TND | J26: 842.564 | K26: 842.564
A27: IMP22024 | B27: Note | C27: 1R09019 | D27: ALI BEN BRAHIM HAMMAMI | E27: 44603 | F27: 44603 | G27: 44613 | H27: L20-02 | I27: TND | J27: 2000 | K27: 2000
A28: IMP22025 | B28: Note | C28: 4R15060 | D28: STE LIZIDI ACCESSOIRES AUTOS | E28: 44606 | F28: 44606 | G28: 44620 | H28: L40-01 | I28: TND | J28: 1800 | K28: 1800
A29: IMP22026 | B29: Note | C29: 4R15060 | D29: STE LIZIDI ACCESSOIRES AUTOS | E29: 44610 | F29: 44610 | G29: 44623 | H29: L40-01 | I29: TND | J29: 1800 | K29: 1800
A30: IMP22027 | B30: Note | C30: 1r01556 | D30: STE PIECES.RECH.FRANCAISE | E30: 44615 | F30: 44615 | H30: L20-04 | I30: TND | J30: 9466.469 | K30: 0
A31: IMP22028 | B31: Note | C31: 1R02298 | D31: STE QUALITY SPARE PARTS | E31: 44615 | F31: 44615 | G31: 44624 | H31: L20-02 | I31: TND | J31: 2078.103 | K31: 2078.103
A32: IMP22029 | B32: Note | C32: 1R09019 | D32: ALI BEN BRAHIM HAMMAMI | E32: 44619 | F32: 44619 | H32: L20-02 | I32: TND | J32: 2000 | K32: 0
A33: IMP22030 | B33: Note | C33: 1X01000 | D33: CLIENT PASSAGER ASJ | E33: 44619 | F33: 44619 | H33: LS | I33: TND | J33: 3000 | K33: 0
A34: IMP22031 | B34: Note | C34: 1R09019 | D34: ALI BEN BRAHIM HAMMAMI | E34: 44619 | F34: 44619 | H34: L20-02 | I34: TND | J34: 2505.454 | K34: 0
A35: IMP22032 | B35: Note | C35: 8R09086 | D35: BEN MECHRI SALAH B KHOUMAIES | E35: 44621 | F35: 44621 | G35: 44631 | H35: L80-02 | I35: TND | J35: 2223.032 | K35: 2223.032
A36: IMP22033 | B36: Note | C36: 4R14081 | D36: STE AMEN CAR DU CENTRE | E36: 44621 | F36: 44621 | H36: L40-02 | I36: TND | J36: 3315.191 | K36: 0
A37: IMP22034 | B37: Note | C37: 1R02302 | D37: STE BOU SABAT AUTO | E37: 44621 | F37: 44621 | H37: L20-07 | I37: TND | J37: 787.869 | K37: 0
A38: IMP22035 | B38: Note | C38: 1R01551 | D38: GENERALE ELECT.AUTOMOBILE | E38: 44621 | F38: 44621 | G38: 44627 | H38: L20-04 | I38: TND | J38: 7638 | K38: 7638
A39: IMP22036 | B39: Note | C39: 1R01551 | D39: GENERALE ELECT.AUTOMOBILE | E39: 44621 | F39: 44621 | G39: 44630 | H39: L20-04 | I39: TND | J39: 28869.696 | K39: 28869.696
A40: IMP22037 | B40: Note | C40: 8R09006 | D40: GHARBI JALEL BEN BRAHIM | E40: 44621 | F40: 44621 | G40: 44631 | H40: L80-02 | I40: TND | J40: 14221.874 | K40: 14221.874
A41: IMP22038 | B41: Note | C41: 1R02208 | D41: STE OULED AHMED DE PIECES | E41: 44621 | F41: 44621 | G41: 44650 | H41: L20-07 | I41: TND | J41: 3593.873 | K41: 3593.873
A42: IMP22039 | B42: Note | C42: 1X01000 | D42: CLIENT PASSAGER ASJ | E42: 44630 | F42: 44630 | G42: 44636 | H42: LS | I42: TND | J42: 4927.75 | K42: 4927.75
A43: IMP22040 | B43: Note | C43: 1R06020 | D43: STE MED ALI DE PIECES DE | E43: 44630 | F43: 44630 | G43: 44644 | H43: L20-03 | I43: TND | J43: 3465.599 | K43: 3465.599
A44: IMP22041 | B44: Note | C44: 4R15052 | D44: STE ALFATIMYA CARS | E44: 44630 | F44: 44630 | H44: L40-01 | I44: TND | J44: 682.327 | K44: 0
A45: IMP22042 | B45: Note | C45: 3R18401 | D45: TAHER BEN AMOR MAHJOUBI | E45: 44630 | F45: 44630 | G45: 44653 | H45: L30-02 | I45: TND | J45: 5623.736 | K45: 3500
A46: IMP22043 | B46: Note | C46: 1R09019 | D46: ALI BEN BRAHIM HAMMAMI | E46: 44630 | F46: 44630 | H46: L20-02 | I46: TND | J46: 2268.004 | K46: 0
A47: IMP22044 | B47: Note | C47: 4R14081 | D47: STE AMEN CAR DU CENTRE | E47: 44630 | F47: 44630 | H47: L40-02 | I47: TND | J47: 3200 | K47: 0
A48: IMP22045 | B48: Note | C48: 4R14081 | D48: STE AMEN CAR DU CENTRE | E48: 44634 | F48: 44634 | H48: L40-02 | I48: TND | J48: 1970 | K48: 0
A49: IMP22046 | B49: Note | C49: 1r07047 | D49: SOUFIANE MANNAI | E49: 44634 | F49: 44634 | G49: 44641 | H49: L20-02 | I49: TND | J49: 3541.909 | K49: 3541.909
A50: IMP22047 | B50: Note | C50: 7R17047 | D50: ARBI BEN ALIU GHARBI | E50: 44634 | F50: 44634 | G50: 44645 | H50: L70 | I50: TND | J50: 3024.306 | K50: 3024.306
A51: IMP22048 | B51: Note | C51: 1R01551 | D51: GENERALE ELECT.AUTOMOBILE | E51: 44638 | F51: 44638 | G51: 44644 | H51: L20-04 | I51: TND | J51: 7638 | K51: 7638
A52: IMP22049 | B52: Note | C52: 6R21181 | D52: BEDOUI MANEL BT ALI | E52: 44641 | F52: 44641 | G52: 44644 | H52: L60 | I52: TND | J52: 3995.004 | K52: 3995.004
A53: IMP22050 | B53: Note | C53: 1R04155 | D53: ABDELKARIM CHEBBI | E53: 44644 | F53: 44644 | G53: 44662 | H53: L20-03 | I53: TND | J53: 6713.538 | K53: 4500
A54: IMP22051 | B54: Note | C54: 8R09006 | D54: GHARBI JALEL BEN BRAHIM | E54: 44649 | F54: 44649 | G54: 44652 | H54: L80-02 | I54: TND | J54: 17658.714 | K54: 17658.714
A55: IMP22052 | B55: Note | C55: 1R09019 | D55: ALI BEN BRAHIM HAMMAMI | E55: 44649 | F55: 44649 | H55: L20-02 | I55: TND | J55: 3000 | K55: 0
A56: IMT22000 | B56: Note | C56: 1R01480 | D56: STE HADJ AUTO | E56: 44564 | F56: 44564 | G56: 44575 | H56: L20-04 | I56: TND | J56: 2500 | K56: 2500
A57: IMT22001 | B57: Note | C57: 8R09022 | D57: S O C O M A F | E57: 44564 | F57: 44564 | G57: 44578 | H57: L80-02 | I57: TND | J57: 868 | K57: 868
A58: IMT22002 | B58: Note | C58: 1R02053 | D58: CHENIB MOHAMED- ESSAYARA | E58: 44571 | F58: 44571 | G58: 44663 | H58: L20-07 | I58: TND | J58: 1566.254 | K58: 1566.254
A59: IMT22003 | B59: Note | C59: 1R01480 | D59: STE HADJ AUTO | E59: 44571 | F59: 44571 | G59: 44588 | H59: L20-04 | I59: TND | J59: 2500 | K59: 2500
A60: IMT22004 | B60: Note | C60: 1R05171 | D60: STE L'HORIZON DE PIECES DE | E60: 44571 | F60: 44571 | G60: 44578 | H60: L20-06 | I60: TND | J60: 1500 | K60: 1500
A61: IMT22005 | B61: Note | C61: 1R04140 | D61: STE SIPRAMA | E61: 44571 | F61: 44571 | G61: 44627 | H61: L20-02 | I61: TND | J61: 1424.465 | K61: 1424.465
A62: IMT22006 | B62: Note | C62: 6R23143 | D62: HAOUARI CHOKRI | E62: 44571 | F62: 44571 | G62: 44575 | H62: L60 | I62: TND | J62: 9411.199 | K62: 9411.199
A63: IMT22007 | B63: Note | C63: 1R02009 | D63: ETS.BEN JOMAA AUTOS | E63: 44578 | F63: 44578 | G63: 44600 | H63: L20-07 | I63: TND | J63: 899.241 | K63: 899.241
A64: IMT22008 | B64: Note | C64: 1S02193 | D64: SOCIETE SAFIR | E64: 44578 | F64: 44578 | G64: 44590 | H64: LS | I64: TND | J64: 2060.061 | K64: 2060.061
A65: IMT22009 | B65: Note | C65: 1S02193 | D65: SOCIETE SAFIR | E65: 44578 | F65: 44578 | G65: 44590 | H65: LS | I65: TND | J65: 3248.54 | K65: 3248.54
A66: IMT22010 | B66: Note | C66: 1S02193 | D66: SOCIETE SAFIR | E66: 44578 | F66: 44578 | G66: 44603 | H66: LS | I66: TND | J66: 3519.165 | K66: 3519.165
A67: IMT22011 | B67: Note | C67: 3R18389 | D67: STE RANEN.PIECES DE RECHANGE | E67: 44582 | F67: 44582 | G67: 44631 | H67: L30 | I67: TND | J67: 7193.101 | K67: 3800
A68: IMT22012 | B68: Note | C68: 1R04062 | D68: EL FAIDI MOHAMED NIZAR | E68: 44582 | F68: 44582 | H68: L20-04 | I68: TND | J68: 2421.024 | K68: 0
A69: IMT22013 | B69: Note | C69: 1S18011 | D69: SOCIETE CHAABANE ET CIE | E69: 44582 | F69: 44582 | G69: 44582 | H69: LS | I69: TND | J69: 8851.606 | K69: 8851.606
A70: IMT22014 | B70: Note | C70: 1R01480 | D70: STE HADJ AUTO | E70: 44582 | F70: 44582 | G70: 44601 | H70: L20-04 | I70: TND | J70: 2800 | K70: 2800
A71: IMT22015 | B71: Note | C71: 1R05171 | D71: STE L'HORIZON DE PIECES DE | E71: 44582 | F71: 44582 | G71: 44585 | H71: L20-06 | I71: TND | J71: 1718.763 | K71: 1718.763
A72: IMT22016 | B72: Note | C72: 1R05211 | D72: STE EL HAMDI PIECES.RECHANGE | E72: 44582 | F72: 44582 | G72: 44603 | H72: L20-06 | I72: TND | J72: 2000 | K72: 2000
A73: IMT22017 | B73: Note | C73: 8R09022 | D73: S O C O M A F | E73: 44582 | F73: 44582 | G73: 44588 | H73: L80-02 | I73: TND | J73: 1231 | K73: 1231
A74: IMT22018 | B74: Note | C74: 1S02041 | D74: SOCIETE DE ROUTE ET BATIMENT | E74: 44582 | F74: 44582 | G74: 44644 | H74: LS | I74: TND | J74: 9036.71 | K74: 9036.71
A75: IMT22019 | B75: Note | C75: 1S03055 | D75: ENTREPRISE BOUDOKHAN MOKHTAR | E75: 44582 | F75: 44582 | G75: 44589 | H75: L20 | I75: TND | J75: 3738.653 | K75: 3738.653
A76: IMT22020 | B76: Note | C76: 1S02041 | D76: SOCIETE DE ROUTE ET BATIMENT | E76: 44582 | F76: 44582 | G76: 44644 | H76: LS | I76: TND | J76: 10231.917 | K76: 10231.917
A77: IMT22021 | B77: Note | C77: 1R04062 | D77: EL FAIDI MOHAMED NIZAR | E77: 44596 | F77: 44596 | H77: L20-04 | I77: TND | J77: 2500 | K77: 0
A78: IMT22022 | B78: Note | C78: 1R01590 | D78: STE COMPTOIR VOITURE MODERNE | E78: 44596 | F78: 44596 | G78: 44600 | H78: L20-04 | I78: TND | J78: 2500 | K78: 2500
A79: IMT22023 | B79: Note | C79: 8R09022 | D79: S O C O M A F | E79: 44596 | F79: 44596 | G79: 44603 | H79: L80-02 | I79: TND | J79: 1232 | K79: 1232
A80: IMT22024 | B80: Note | C80: 1R01480 | D80: STE HADJ AUTO | E80: 44596 | F80: 44596 | G80: 44609 | H80: L20-04 | I80: TND | J80: 2800 | K80: 2800
A81: IMT22025 | B81: Note | C81: 1R07048 | D81: JAMEL BEN HEDI BEN KHSIB | E81: 44596 | F81: 44596 | G81: 44618 | H81: L20-02 | I81: TND | J81: 3200 | K81: 3200
A82: IMT22026 | B82: Note | C82: 8R09022 | D82: S O C O M A F | E82: 44603 | F82: 44603 | G82: 44606 | H82: L80-02 | I82: TND | J82: 1233 | K82: 1233
A83: IMT22027 | B83: Note | C83: 1R04062 | D83: EL FAIDI MOHAMED NIZAR | E83: 44603 | F83: 44603 | H83: L20-04 | I83: TND | J83: 2500 | K83: 0
A84: IMT22028 | B84: Note | C84: 1R01480 | D84: STE HADJ AUTO | E84: 44603 | F84: 44603 | G84: 44620 | H84: L20-04 | I84: TND | J84: 2705.608 | K84: 2705.608
A85: IMT22029 | B85: Note | C85: 1S02193 | D85: SOCIETE SAFIR | E85: 44603 | F85: 44603 | G85: 44603 | H85: LS | I85: TND | J85: 6240.914 | K85: 6240.914
A86: IMT22030 | B86: Note | C86: 1S02193 | D86: SOCIETE SAFIR | E86: 44603 | F86: 44603 | G86: 44603 | H86: LS | I86: TND | J86: 3519.165 | K86: 3519.165
A87: IMT22031 | B87: Note | C87: 1S03055 | D87: ENTREPRISE BOUDOKHAN MOKHTAR | E87: 44603 | F87: 44603 | G87: 44603 | H87: L20 | I87: TND | J87: 4069.277 | K87: 4069.277
A88: IMT22032 | B88: Note | C88: 6R23143 | D88: HAOUARI CHOKRI | E88: 44603 | F88: 44603 | G88: 44621 | H88: L60 | I88: TND | J88: 2553.772 | K88: 2553.772
A89: IMT22033 | B89: Note | C89: 8R09022 | D89: S O C O M A F | E89: 44603 | F89: 44603 | G89: 44614 | H89: L80-02 | I89: TND | J89: 1234.949 | K89: 1234.949
A90: IMT22034 | B90: Note | C90: 1R05211 | D90: STE EL HAMDI PIECES.RECHANGE | E90: 44609 | F90: 44609 | G90: 44630 | H90: L20-06 | I90: TND | J90: 1888.485 | K90: 1888.485
A91: IMT22035 | B91: Note | C91: 1R01480 | D91: STE HADJ AUTO | E91: 44609 | F91: 44609 | G91: 44635 | H91: L20-04 | I91: TND | J91: 3059.97 | K91: 3059.97
A92: IMT22036 | B92: Note | C92: 1R04062 | D92: EL FAIDI MOHAMED NIZAR | E92: 44610 | F92: 44610 | H92: L20-04 | I92: TND | J92: 2268.274 | K92: 0
A93: IMT22037 | B93: Note | C93: 1X01000 | D93: CLIENT PASSAGER ASJ | E93: 44617 | F93: 44617 | G93: 44645 | H93: LS | I93: TND | J93: 3514.498 | K93: 3514.498
A94: IMT22038 | B94: Note | C94: 1S03055 | D94: ENTREPRISE BOUDOKHAN MOKHTAR | E94: 44617 | F94: 44617 | G94: 44618 | H94: L20 | I94: TND | J94: 5480.297 | K94: 5480.297
A95: IMT22039 | B95: Note | C95: 8R09022 | D95: S O C O M A F | E95: 44617 | F95: 44617 | G95: 44623 | H95: L80-02 | I95: TND | J95: 946 | K95: 946
A96: IMT22040 | B96: Note | C96: 1R02009 | D96: ETS.BEN JOMAA AUTOS | E96: 44617 | F96: 44617 | G96: 44631 | H96: L20-07 | I96: TND | J96: 946.86 | K96: 946.86
A97: IMT22041 | B97: Note | C97: 1R04152 | D97: BOUZAYENE AUTO | E97: 44617 | F97: 44617 | G97: 44644 | H97: L20-04 | I97: TND | J97: 3188.338 | K97: 3188.338
A98: IMT22042 | B98: Note | C98: 1R04062 | D98: EL FAIDI MOHAMED NIZAR | E98: 44617 | F98: 44617 | H98: L20-04 | I98: TND | J98: 2300 | K98: 0
A99: IMT22043 | B99: Note | C99: 1R01480 | D99: STE HADJ AUTO | E99: 44617 | F99: 44617 | G99: 44663 | H99: L20-04 | I99: TND | J99: 3000 | K99: 2610
A100: IMT22044 | B100: Note | C100: 1R04062 | D100: EL FAIDI MOHAMED NIZAR | E100: 44625 | F100: 44625 | H100: L20-04 | I100: TND | J100: 2300 | K100: 0
A101: IMT22045 | B101: Note | C101: 1R01590 | D101: STE COMPTOIR VOITURE MODERNE | E101: 44625 | F101: 44625 | G101: 44644 | H101: L20-04 | I101: TND | J101: 2000 | K101: 2000
...

Sheet Feuil4
A1: Référence | B1: Type | C1: Adr fact | D1: Nom | E1: Date | F1: Effet le | G1: Payé | H1: Représ 1 | I1: Dev | J1: Montant | K1: Montant imputé
A2: AC220002 | B2: Fact | C2: 1S03023 | D2: LOUKIL VEHICULES INDUSTRIELS | E2: 44579 | F2: 44579 | G2: 44579 | H2: LS | I2: TND | J2: -456.762 | K2: -456.762 | M2: #N/A
A3: AC220003 | B3: Fact | C3: 1A04002 | D3: MIN FINANCES-D.GEN. DOUANES | E3: 44586 | F3: 44586 | G3: 44609 | H3: LA | I3: TND | J3: -4833.78 | K3: -4833.78 | M3: #N/A
A4: AC220007 | B4: Fact | C4: 1G12001 | D4: S.T.E.G. | E4: 44608 | F4: 44608 | G4: 44608 | H4: LS | I4: TND | J4: -1121.58 | K4: -1121.58 | M4: #N/A
A5: AC220008 | B5: Fact | C5: 1S03017 | D5: TOTAL TUNISIE | E5: 44613 | F5: 44613 | G5: 44649 | H5: LS | I5: TND | J5: -1835.58 | K5: -1835.58 | M5: #N/A
A6: AC220010 | B6: Fact | C6: 1G01008 | D6: TRANSPOOL | E6: 44620 | F6: 44620 | G6: 44621 | H6: LS | I6: TND | J6: -860.881 | K6: -860.881 | M6: #N/A
A7: FS200001 | B7: Fact | C7: 1X02000 | D7: CLIENT PASSAGER - MEGRINE | E7: 44564 | F7: 44564 | G7: 44564 | H7: LS | I7: TND | J7: 239.195 | K7: 239.195 | M7: #N/A
A8: FS200002 | B8: Fact | C8: 1X01000 | D8: CLIENT PASSAGER ASJ | E8: 44564 | F8: 44564 | G8: 44564 | H8: LS | I8: TND | J8: 280.845 | K8: 280.845 | M8: #N/A
A9: FS200003 | B9: Fact | C9: 1X02000 | D9: CLIENT PASSAGER - MEGRINE | E9: 44564 | F9: 44564 | G9: 44564 | H9: LS | I9: TND | J9: 166.01 | K9: 166.01 | M9: #N/A
A10: FS200004 | B10: Fact | C10: 1X02000 | D10: CLIENT PASSAGER - MEGRINE | E10: 44564 | F10: 44564 | G10: 44564 | H10: LS | I10: TND | J10: 166.01 | K10: 166.01 | M10: #N/A
A11: FS200005 | B11: Fact | C11: 1X02000 | D11: CLIENT PASSAGER - MEGRINE | E11: 44564 | F11: 44564 | G11: 44564 | H11: LS | I11: TND | J11: 239.195 | K11: 239.195 | M11: #N/A
A12: FS200006 | B12: Fact | C12: 1X05000 | D12: CLIENT SG | E12: 44564 | F12: 44564 | G12: 44564 | H12: LS | I12: TND | J12: 40.019 | K12: 40.019 | M12: #N/A
A13: FS200007 | B13: Fact | C13: 1X01000 | D13: CLIENT PASSAGER ASJ | E13: 44564 | F13: 44564 | G13: 44564 | H13: LS | I13: TND | J13: 188.62 | K13: 188.62 | M13: #N/A
... A25: FS200019 | B25: Fact | C25: 1X02000 | D25: CLIENT PASSAGER - MEGRINE | E25: 44564 | F25: 44564 | G25: 44564 | H25: LS | I25: TND | J25: 158.275 | K25: 158.275 | M25: #N/A
A26: FS200020 | B26: Fact | C26: 1P01000 | D26: PERSONNEL NOUR | E26: 44564 | F26: 44564 | G26: 44564 | I26: TND | J26: 286.424 | K26: 286.424 | M26: #N/A
A27: FS200021 | B27: Fact | C27: 1X05000 | D27: CLIENT SG | E27: 44564 | F27: 44564 | G27: 44564 | H27: LS | I27: TND | J27: 99.668 | K27: 99.668 | M27: #N/A
A28: FS200022 | B28: Fact | C28: 1X01000 | D28: CLIENT PASSAGER ASJ | E28: 44564 | F28: 44564 | G28: 44564 | H28: LS | I28: TND | J28: 1393.376 | K28: 1393.376 | M28: #N/A
A29: FS200023 | B29: Fact | C29: 1X05000 | D29: CLIENT SG | E29: 44564 | F29: 44564 | G29: 44564 | H29: LS | I29: TND | J29: 79.438 | K29: 79.438 | M29: #N/A
A30: FS200024 | B30: Fact | C30: 1S01216 | D30: SOSTEM | E30: 44564 | F30: 44564 | G30: 44637 | H30: LS | I30: TND | J30: 429 | K30: 429 | M30: #N/A
A31: FS200025 | B31: Fact | C31: 1S01216 | D31: SOSTEM | E31: 44564 | F31: 44564 | G31: 44637 | H31: LS | I31: TND | J31: 214.8 | K31: 214.8 | M31: #N/A
A32: FS200026 | B32: Fact | C32: 1P01000 | D32: PERSONNEL NOUR | E32: 44564 | F32: 44564 | G32: 44564 | I32: TND | J32: 173.969 | K32: 173.969 | M32: #N/A
A33: FS200027 | B33: Fact | C33: 1X01000 | D33: CLIENT PASSAGER ASJ | E33: 44564 | F33: 44564 | G33: 44564 | H33: LS | I33: TND | J33: 755.06 | K33: 755.06 | M33: #N/A
A34: FS200028 | B34: Fact | C34: 1S01267 | D34: STE CONFIANCE VOYAGES | E34: 44565 | F34: 44565 | G34: 44650 | H34: LS | I34: TND | J34: 210.308 | K34: 210.308 | M34: #N/A
A35: FS200029 | B35: Fact | C35: 1X05000 | D35: CLIENT SG | E35: 44565 | F35: 44565 | G35: 44565 | H35: LS | I35: TND | J35: 110.973 | K35: 110.973 | M35: #N/A
A36: FS200030 | B36: Fact | C36: 1X02000 | D36: CLIENT PASSAGER - MEGRINE | E36: 44565 | F36: 44565 | G36: 44565 | H36: LS | I36: TND | J36: 239.195 | K36: 239.195 | M36: #N/A
A37: FS200031 | B37: Fact | C37: 1S05021 | D37: STE AMARA RAPIDES SERVICES | E37: 44565 | F37: 44565 | G37: 44663 | H37: LS | I37: TND | J37: 192.22 | K37: 192.22 | M37: #N/A
A38: FS200032 | B38: Fact | C38: 1X05000 | D38: CLIENT SG | E38: 44565 | F38: 44565 | G38: 44565 | H38: LS | I38: TND | J38: 40.019 | K38: 40.019 | M38: #N/A
A39: FS200033 | B39: Fact | C39: 1X01000 | D39: CLIENT PASSAGER ASJ | E39: 44565 | F39: 44565 | G39: 44565 | H39: LS | I39: TND | J39: 298.1 | K39: 298.1 | M39: #N/A
A40: FS200034 | B40: Fact | C40: 1X02000 | D40: CLIENT PASSAGER - MEGRINE | E40: 44565 | F40: 44565 | G40: 44565 | H40: LS | I40: TND | J40: 158.275 | K40: 158.275 | M40: #N/A
A41: FS200035 | B41: Fact | C41: 1X02000 | D41: CLIENT PASSAGER - MEGRINE | E41: 44565 | F41: 44565 | G41: 44565 | H41: LS | I41: TND | J41: 234.863 | K41: 234.863 | M41: #N/A
A42: FS200036 | B42: Fact | C42: 1X05000 | D42: CLIENT SG | E42: 44565 | F42: 44565 | G42: 44565 | H42: LS | I42: TND | J42: 143.525 | K42: 143.525 | M42: #N/A
A43: FS200037 | B43: Fact | C43: 1X05000 | D43: CLIENT SG | E43: 44565 | F43: 44565 | G43: 44565 | H43: LS | I43: TND | J43: 40.808 | K43: 40.808 | M43: #N/A
A44: FS200038 | B44: Fact | C44: 1X05000 | D44: CLIENT SG | E44: 44565 | F44: 44565 | G44: 44565 | H44: LS | I44: TND | J44: 308.399 | K44: 308.399 | M44: #N/A
A45: FS200039 | B45: Fact | C45: 1P01000 | D45: PERSONNEL NOUR | E45: 44565 | F45: 44565 | G45: 44565 | I45: TND | J45: 197.615 | K45: 197.615 | M45: #N/A
A46: FS200040 | B46: Fact | C46: 1X05000 | D46: CLIENT SG | E46: 44565 | F46: 44565 | G46: 44565 | H46: LS | I46: TND | J46: 122.031 | K46: 122.031 | M46: #N/A
A47: FS200041 | B47: Fact | C47: 1X02000 | D47: CLIENT PASSAGER - MEGRINE | E47: 44565 | F47: 44565 | G47: 44565 | H47: LS | I47: TND | J47: 234.863 | K47: 234.863 | M47: #N/A
A48: FS200042 | B48: Fact | C48: 1x01000 | D48: CLIENT PASSAGER ASJ | E48: 44565 | F48: 44565 | G48: 44565 | H48: LS | I48: TND | J48: 237.898 | K48: 237.898 | M48: #N/A
A49: FS200043 | B49: Fact | C49: 1X05000 | D49: CLIENT SG | E49: 44565 | F49: 44565 | G49: 44565 | H49: LS | I49: TND | J49: 125.217 | K49: 125.217 | M49: #N/A
A50: FS200044 | B50: Fact | C50: 1g20005 | D50: STE LOGISTIQUES MAG.GENERAL | E50: 44565 | F50: 44565 | G50: 44634 | H50: LS | I50: TND | J50: 173.15 | K50: 173.15 | M50: #N/A
A51: FS200045 | B51: Fact | C51: 1s02060 | D51: STE DES PROD. SIDERURGIQUES | E51: 44566 | F51: 44566 | G51: 44616 | H51: LS | I51: TND | J51: 536.57 | K51: 536.57 | M51: #N/A
A52: FS200048 | B52: Fact | C52: 1x05000 | D52: CLIENT SG | E52: 44566 | F52: 44566 | G52: 44566 | H52: LS | I52: TND | J52: 109.235 | K52: 109.235 | M52: #N/A
A53: FS200050 | B53: Fact | C53: 1s01122 | D53: TUNISIE AUTOROUTES | E53: 44566 | F53: 44566 | G53: 44635 | H53: LS | I53: TND | J53: 213.61 | K53: 213.61 | M53: #N/A
A54: FS200055 | B54: Fact | C54: 1X02000 | D54: CLIENT PASSAGER - MEGRINE | E54: 44566 | F54: 44566 | G54: 44566 | H54: LS | I54: TND | J54: 208.767 | K54: 208.767 | M54: #N/A
A55: FS200056 | B55: Fact | C55: 1X02000 | D55: CLIENT PASSAGER - MEGRINE | E55: 44566 | F55: 44566 | G55: 44566 | H55: LS | I55: TND | J55: 374.45 | K55: 374.45 | M55: #N/A
A56: FS200057 | B56: Fact | C56: 1S01267 | D56: STE CONFIANCE VOYAGES | E56: 44567 | F56: 44567 | G56: 44650 | H56: LS | I56: TND | J56: 214.503 | K56: 214.503 | M56: #N/A
A57: FS200058 | B57: Fact | C57: 1X01000 | D57: CLIENT PASSAGER ASJ | E57: 44567 | F57: 44567 | G57: 44567 | H57: LS | I57: TND | J57: 620.59 | K57: 620.59 | M57: #N/A
A58: FS200059 | B58: Fact | C58: 1P01000 | D58: PERSONNEL NOUR | E58: 44567 | F58: 44567 | G58: 44567 | I58: TND | J58: 205.581 | K58: 205.581 | M58: #N/A
A59: FS200060 | B59: Fact | C59: 1S02111 | D59: INTERMETAL | E59: 44567 | F59: 44567 | G59: 44624 | H59: LS | I59: TND | J59: 526.059 | K59: 526.059 | M59: #N/A
A60: FS200061 | B60: Fact | C60: 1X05000 | D60: CLIENT SG | E60: 44567 | F60: 44567 | G60: 44567 | H60: LS | I60: TND | J60: 95.934 | K60: 95.934 | M60: #N/A
A61: FS200062 | B61: Fact | C61: 1S01122 | D61: TUNISIE AUTOROUTES | E61: 44567 | F61: 44567 | G61: 44635 | H61: LS | I61: TND | J61: 213.61 | K61: 213.61 | M61: #N/A
A62: FS200063 | B62: Fact | C62: 1S02035 | D62: S.T.B.G. | E62: 44567 | F62: 44567 | G62: 44638 | H62: LS | I62: TND | J62: 695.56 | K62: 695.56 | M62: #N/A
A63: FS200065 | B63: Fact | C63: 1X05000 | D63: CLIENT SG | E63: 44567 | F63: 44567 | G63: 44567 | H63: LS | I63: TND | J63: 75.653 | K63: 75.653 | M63: #N/A
A64: FS200066 | B64: Fact | C64: 1X05000 | D64: CLIENT SG | E64: 44567 | F64: 44567 | G64: 44567 | H64: LS | I64: TND | J64: 143.525 | K64: 143.525 | M64: #N/A
A65: FS200067 | B65: Fact | C65: 1S01239 | D65: LES PIERRES DU NORD | E65: 44567 | F65: 44567 | G65: 44641 | H65: LS | I65: TND | J65: 965.056 | K65: 965.056 | M65: #N/A
A66: FS200068 | B66: Fact | C66: 1X05000 | D66: CLIENT SG | E66: 44567 | F66: 44567 | G66: 44567 | H66: LS | I66: TND | J66: 143.525 | K66: 143.525 | M66: #N/A
A67: FS200069 | B67: Fact | C67: 1S01311 | D67: STE BODO BETON | E67: 44567 | F67: 44567 | G67: 44567 | H67: LS | I67: TND | J67: 1675.28 | K67: 1675.28 | M67: #N/A
A68: FS200070 | B68: Fact | C68: 1X05000 | D68: CLIENT SG | E68: 44567 | F68: 44567 | G68: 44567 | H68: LS | I68: TND | J68: 346.533 | K68: 346.533 | M68: #N/A
A69: FS200071 | B69: Fact | C69: 1X05000 | D69: CLIENT SG | E69: 44567 | F69: 44567 | G69: 44567 | H69: LS | I69: TND | J69: 167.346 | K69: 167.346 | M69: #N/A
A70: FS200074 | B70: Fact | C70: 1X02000 | D70: CLIENT PASSAGER - MEGRINE | E70: 44567 | F70: 44567 | G70: 44567 | H70: LS | I70: TND | J70: 285.843 | K70: 285.843 | M70: #N/A
... A77: FS200081 | B77: Fact | C77: 1X02000 | D77: CLIENT PASSAGER - MEGRINE | E77: 44568 | F77: 44568 | G77: 44568 | H77: LS | I77: TND | J77: 243.967 | K77: 243.967 | M77: #N/A
A78: FS200082 | B78: Fact | C78: 1P01000 | D78: PERSONNEL NOUR | E78: 44568 | F78: 44568 | G78: 44568 | I78: TND | J78: 182.746 | K78: 182.746 | M78: #N/A
A79: FS200083 | B79: Fact | C79: 1X02000 | D79: CLIENT PASSAGER - MEGRINE | E79: 44568 | F79: 44568 | G79: 44568 | H79: LS | I79: TND | J79: 225.76 | K79: 225.76 | M79: #N/A
A80: FS200085 | B80: Fact | C80: 1X02000 | D80: CLIENT PASSAGER - MEGRINE | E80: 44568 | F80: 44568 | G80: 44568 | H80: LS | I80: TND | J80: 234.863 | K80: 234.863 | M80: #N/A
A81: FS200086 | B81: Fact | C81: 1S02041 | D81: SOCIETE DE ROUTE ET BATIMENT | E81: 44568 | F81: 44568 | G81: 44630 | H81: LS | I81: TND | J81: 686.04 | K81: 686.04 | M81: #N/A
A82: FS200087 | B82: Fact | C82: 1S01267 | D82: STE CONFIANCE VOYAGES | E82: 44568 | F82: 44568 | G82: 44650 | H82: LS | I82: TND | J82: 214.503 | K82: 214.503 | M82: #N/A
A83: FS200088 | B83: Fact | C83: 1S01257 | D83: STE TRUCKS GROS | E83: 44568 | F83: 44568 | G83: 44645 | H83: LS | I83: TND | J83: 187.525 | K83: 187.525 | M83: #N/A
A84: FS200090 | B84: Fact | C84: 1s03056 | D84: STE TRAVAUX DU NORD | E84: 44568 | F84: 44568 | G84: 44609 | H84: LS | I84: TND | J84: 419.271 | K84: 419.271 | M84: #N/A
A85: FS200091 | B85: Fact | C85: 1X02000 | D85: CLIENT PASSAGER - MEGRINE | E85: 44568 | F85: 44568 | G85: 44568 | H85: LS | I85: TND | J85: 234.863 | K85: 234.863 | M85: #N/A
A86: FS200092 | B86: Fact | C86: 1X05000 | D86: CLIENT SG | E86: 44568 | F86: 44568 | G86: 44568 | H86: LS | I86: TND | J86: 117.732 | K86: 117.732 | M86: #N/A
A87: FS200093 | B87: Fact | C87: 1X05000 | D87: CLIENT SG | E87: 44568 | F87: 44568 | G87: 44568 | H87: LS | I87: TND | J87: 165.678 | K87: 165.678 | M87: #N/A
A88: FS200094 | B88: Fact | C88: 1X05000 | D88: CLIENT SG | E88: 44568 | F88: 44568 | G88: 44568 | H88: LS | I88: TND | J88: 59.166 | K88: 59.166 | M88: #N/A
A89: FS200095 | B89: Fact | C89: 1X01000 | D89: CLIENT PASSAGER ASJ | E89: 44568 | F89: 44568 | G89: 44568 | H89: LS | I89: TND | J89: 316.795 | K89: 316.795 | M89: #N/A
A90: FS200096 | B90: Fact | C90: 1S02145 | D90: STE ENTREPRISES SABBEH RAFIK | E90: 44568 | F90: 44568 | G90: 44602 | H90: LS | I90: TND | J90: 143.995 | K90: 143.995 | M90: #N/A
... A104: FS200125 | B104: Fact | C104: 1X05000 | D104: CLIENT SG | E104: 44571 | F104: 44571 | G104: 44571 | H104: LS | I104: TND | J104: 81.722 | K104: 81.722 | M104: #N/A
A105: FS200126 | B105: Fact | C105: 1P01000 | D105: PERSONNEL NOUR | E105: 44571 | F105: 44571 | G105: 44571 | I105: TND | J105: 213.547 | K105: 213.547 | M105: #N/A
A106: FS200127 | B106: Fact | C106: 1S02004 | D106: AFRICA INDUSTRIE | E106: 44571 | F106: 44571 | G106: 44641 | H106: LS | I106: TND | J106: 161.429 | K106: 161.429 | M106: #N/A
A107: FS200128 | B107: Fact | C107: 1X01000 | D107: CLIENT PASSAGER ASJ | E107: 44571 | F107: 44571 | G107: 44571 | H107: LS | I107: TND | J107: 286.45 | K107: 286.45 | M107: #N/A
A108: FS200129 | B108: Fact | C108: 1X05000 | D108: CLIENT SG | E108: 44571 | F108: 44571 | G108: 44571 | H108: LS | I108: TND | J108: 143.525 | K108: 143.525 | M108: #N/A
A109: FS200130 | B109: Fact | C109: 1X02000 | D109: CLIENT PASSAGER - MEGRINE | E109: 44571 | F109: 44571 | G109: 44571 | H109: LS | I109: TND | J109: 234.863 | K109: 234.863 | M109: #N/A
A110: FS200131 | B110: Fact | C110: 1X01000 | D110: CLIENT PASSAGER ASJ | E110: 44571 | F110: 44571 | G110: 44572 | H110: LS | I110: TND | J110: 976.4 | K110: 976.4 | M110: #N/A
A111: FS200133 | B111: Fact | C111: 1S01061 | D111: S.N.D.P. | E111: 44571 | F111: 44571 | G111: 44648 | H111: LS | I111: TND | J111: 175.53 | K111: 175.53 | M111: #N/A
A112: FS200134 | B112: Fact | C112: 1X05000 | D112: CLIENT SG | E112: 44571 | F112: 44571 | G112: 44571 | H112: LS | I112: TND | J112: 81.722 | K112: 81.722 | M112: #N/A
A113: FS200135 | B113: Fact | C113: 1S01258 | D113: STE LAND'OR | E113: 44571 | F113: 44571 | G113: 44657 | H113: LS | I113: TND | J113: 156.665 | K113: 156.665 | M113: #N/A
A114: FS200137 | B114: Fact | C114: 1X01000 | D114: CLIENT PASSAGER ASJ | E114: 44571 | F114: 44571 | G114: 44571 | H114: LS | I114: TND | J114: 208.767 | K114: 208.767 | M114: #N/A
A115: FS200138 | B115: Fact | C115: 1S02212 | D115: MAGHREBIA TECH.ET TRAVAUX | E115: 44571 | F115: 44571 | G115: 44644 | H115: LS | I115: TND | J115: 363.134 | K115: 363.134 | M115: #N/A
A116: FS200139 | B116: Fact | C116: 1S02212 | D116: MAGHREBIA TECH.ET TRAVAUX | E116: 44571 | F116: 44571 | G116: 44644 | H116: LS | I116: TND | J116: 268.35 | K116: 268.35 | M116: #N/A
A117: FS200140 | B117: Fact | C117: 1X01000 | D117: CLIENT PASSAGER ASJ | E117: 44571 | F117: 44571 | G117: 44571 | H117: LS | I117: TND | J117: 688.42 | K117: 688.42 | M117: #N/A
... A157: FS200188 | B157: Fact | C157: 1X01000 | D157: CLIENT PASSAGER ASJ | E157: 44573 | F157: 44573 | G157: 44573 | H157: LS | I157: TND | J157: 286.45 | K157: 286.45 | M157: #N/A
A158: FS200189 | B158: Fact | C158: 1P01000 | D158: PERSONNEL NOUR | E158: 44573 | F158: 44573 | G158: 44573 | I158: TND | J158: 177.436 | K158: 177.436 | M158: #N/A
A159: FS200190 | B159: Fact | C159: 1S01239 | D159: LES PIERRES DU NORD | E159: 44573 | F159: 44573 | G159: 44641 | H159: LS | I159: TND | J159: 849.412 | K159: 849.412 | M159: #N/A
A160: FS200191 | B160: Fact | C160: 1T01016 | D160: TRANSPORT COMMUN VOYAGEURS | E160: 44573 | F160: 44573 | G160: 44656 | H160: LS | I160: TND | J160: 2142.168 | K160: 2142.168 | M160: #N/A
A161: FS200192 | B161: Fact | C161: 1S01267 | D161: STE CONFIANCE VOYAGES | E161: 44573 | F161: 44573 | G161: 44650 | H161: LS | I161: TND | J161: 569.083 | K161: 569.083 | M161: #N/A
A162: FS200194 | B162: Fact | C162: 1X01000 | D162: CLIENT PASSAGER ASJ | E162: 44573 | F162: 44573 | G162: 44573 | H162: LS | I162: TND | J162: 430.19 | K162: 430.19 | M162: #N/A
A163: FS200195 | B163: Fact | C163: 1X05000 | D163: CLIENT SG | E163: 44573 | F163: 44573 | G163: 44573 | H163: LS | I163: TND | J163: 130.704 | K163: 130.704 | M163: #N/A
A164: FS200196 | B164: Fact | C164: 1s02024 | D164: M O N O G R O S | E164: 44573 | F164: 44573 | G164: 44627 | H164: LS | I164: TND | J164: 245.294 | K164: 245.294 | M164: #N/A
A165: FS200197 | B165: Fact | C165: 1s02024 | D165: M O N O G R O S | E165: 44573 | F165: 44573 | G165: 44627 | H165: LS | I165: TND | J165: 302.042 | K165: 302.042 | M165: #N/A
A166: FS200199 | B166: Fact | C166: 4s12056 | D166: STE GENERAL BETON | E166: 44573 | F166: 44573 | G166: 44656 | H166: L40 | I166: TND | J166: 991.123 | K166: 991.123 | M166: #N/A
A167: FS200202 | B167: Fact | C167: 1X02000 | D167: CLIENT PASSAGER - MEGRINE | E167: 44573 | F167: 44573 | G167: 44573 | H167: LS | I167: TND | J167: 234.863 | K167: 234.863 | M167: #N/A
A168: FS200203 | B168: Fact | C168: 1S02185 | D168: SOCIETE TUNISIE TRAVAUX | E168: 44573 | F168: 44573 | G168: 44600 | H168: L20 | I168: TND | J168: 439.602 | K168: 439.602 | M168: #N/A
A169: FS200204 | B169: Fact | C169: 1X05000 | D169: CLIENT SG | E169: 44573 | F169: 44573 | G169: 44573 | H169: LS | I169: TND | J169: 87.337 | K169: 87.337 | M169: #N/A
...
